 Dungeon Crawl Stone Soup version 0.18.1-5-g4a78601 (webtiles) character file.

870 oplop the Skirmisher (level 8, -1/88 HPs)
             Began as an Ogre Hunter on May 13, 2016.
             Slain by a giant frog (9 damage)
             ... on level 6 of the Dungeon.
             The game lasted 00:11:25 (5294 turns).

oplop the Skirmisher (Ogre Hunter)                  Turns: 5294, Time: 00:11:25

Health: -1/88      AC:  4    Str: 18    XL:     8   Next: 3%
Magic:  8/8        EV: 10    Int: 10    God:    Xom [..*...]
Gold:   169        SH:  0    Dex: 12    Spells: 0 memorised, 7 levels left

rFire  . . .     SeeInvis .     x - +1 giant club
rCold  . . .     Gourm    .     b - +1 robe
rNeg   . . .     Faith    .     (shield currently unavailable)
rPois  .         Spirit   .     (helmet restricted)
rElec  .         Dismiss  .     (no cloak)
rCorr  .         Reflect  .     (gloves unavailable)
SustAt .         Harm     .     (boots unavailable)
MR     .....                    (no amulet)
Stlth  +.........               (no ring)
                                (no ring)

@: not resistant to hostile enchantments, very unstealthy
A: unfitting armour, tough skin 1
a: Renounce Religion


You were on level 6 of the Dungeon.
You worshipped Xom.
You were a toy of Xom.
You were not hungry.

You visited 2 branches of the dungeon, and saw 7 of its levels.

You collected 169 gold pieces.

Inventory:

Hand Weapons
 a - a +0 short sword
 n - a +0 hand axe of flaming
 r - a cursed -3 flail
 x - a +1 giant club (weapon)
Missiles
 c - 5 large rocks
 d - 2 throwing nets
 h - 152 stones
 A - 3 javelins (quivered)
Armour
 b - a +1 robe (worn)
Scrolls
 e - a scroll of recharging
 g - 2 scrolls of remove curse
 i - 5 scrolls of identify
 l - 2 scrolls of amnesia
 s - 3 scrolls of teleportation
 w - 3 scrolls of magic mapping
Potions
 o - 3 potions of curing {unknown}
 t - a potion of haste {unknown}
 u - a potion of brilliance {unknown}
 z - 2 potions of agility {unknown}
Comestibles
 f - 6 bread rations
 j - 2 meat rations
 k - 2 fruits
 m - a beef jerky
 q - 6 chunks of flesh


   Skills:
 + Level 7.6 Fighting
 + Level 4.8 Maces & Flails
 + Level 6.9 Throwing
 - Level 1.7 Dodging
 - Level 0.7 Stealth


You had 7 spell levels left.
You didn't know any spells.

Dungeon Overview and Level Annotations

Branches:
Dungeon (6/15)             Temple (1/1) D:5

Altars:
Ashenzari
Cheibriados
Fedhas
Gozag
Kikubaaqudgha
Makhleb
Pakellas
Sif Muna
Trog
Vehumet
Xom
Zin
The Shining One

Shops:
D:5 [

Annotations:
D:4 barb4r1an's ghost, novice HESk


Innate Abilities, Weirdness & Mutations

You are too large for most types of armour.
You have tough skin (AC +1).


Message History

The hound is heavily wounded.
The giant frog hits you!
* * * LOW HITPOINT WARNING * * *
Throwing (i - inventory. (,) - cycle):
A - 5 javelins (quivered)
Press: ? - help, Shift-Dir - straight line, f/p - giant frog
Aim: a giant frog (severely wounded)
You throw a javelin.
The javelin barely misses the giant frog.
The javelin barely misses the hound.
The giant frog hits you!
* * * LOW HITPOINT WARNING * * *
The giant frog hits you!
* * * LOW HITPOINT WARNING * * *
Throwing (i - inventory. (,) - cycle):
A - 4 javelins (quivered)
Press: ? - help, Shift-Dir - straight line, f/p - giant frog
Aim: a giant frog (severely wounded)
You throw a javelin. The javelin hits the giant frog.
The giant frog is severely wounded.
The giant frog hits you!
You die... "This toy is broken."

#############
#...........##(#
##...........##.#
#.....)..........
##...).........#.#
.....#..#'####.#.#
##.#)#..#.# #.#h#
#.#....#.####.#F#
#.#...........#@#######
#.########.##.#........
#........#...>.........
########.####.########+
###..........#.#
......<##.##.#.#
####.####.# #.# # #.#
#.# #.# #.#


You could see a giant frog and a hound.

Vanquished Creatures
  2 phantoms (D:5)
  An ogre (D:4)
  A giant frog (D:5)
  A water moccasin skeleton (D:6)
  A jelly (D:5)
  A hound (D:5)
  3 orc priests
  An iguana (D:5)
  3 worker ants
  7 gnolls (D:3)
  4 adders
  An adder skeleton (D:5)
  A worm (D:2)
  3 dart slugs
  5 giant geckos
  12 orcs
  3 giant cockroaches
  5 goblins
  2 hobgoblins
  3 jackals (D:1)
  2 kobolds
  A quokka (D:2)
  2 ball pythons
  6 bats
  3 giant newts
  4 rats
  A toadstool (D:1)
79 creatures vanquished.

Vanquished Creatures (others)
  A phantom (D:5)
  An ogre (D:5)
  A hound skeleton (D:5)
  A shadow imp (D:5)
  3 toadstools (D:1)
7 creatures vanquished.

Grand Total: 86 creatures vanquished

Notes
Turn   | Place    | Note
--------------------------------------------------------------
     0 | D:1      | oplop the Ogre Hunter began the quest for the Orb.
     0 | D:1      | Reached XP level 1. HP: 22/22 MP: 1/1
    66 | D:1      | Reached skill level 3 in Fighting
   109 | D:1      | Reached XP level 2. HP: 11/31 MP: 2/2
   581 | D:1      | You fall through a shaft!
   676 | D:2      | Reached XP level 3. HP: 35/39 MP: 3/3
  1439 | D:3      | Reached skill level 4 in Fighting
  1447 | D:3      | Reached XP level 4. HP: 48/48 MP: 4/4
  1461 | D:3      | Reached skill level 5 in Throwing
  2016 | D:3      | Reached skill level 5 in Fighting
  2039 | D:3      | Reached XP level 5. HP: 57/57 MP: 5/5
  2347 | D:3      | Found a snail-covered altar of Cheibriados.
  2357 | D:3      | Found a shattered altar of Ashenzari.
  2357 | D:3      | Found a glowing golden altar of the Shining One.
  2359 | D:3      | Found a burning altar of Makhleb.
  2361 | D:3      | Found an ancient bone altar of Kikubaaqudgha.
  3359 | D:4      | Reached skill level 1 in Maces & Flails
  3359 | D:4      | Reached XP level 6. HP: 41/67 MP: 6/6
  3548 | D:4      | Reached skill level 6 in Fighting
  3554 | D:4      | Noticed barb4r1an's ghost (novice HESk)
  3851 | D:5      | Entered Level 5 of the Dungeon
  3858 | D:5      | Found Herif's Armour Shoppe.
  3876 | D:5      | Noticed a phantom
  3912 | D:5      | Killed a phantom
  3943 | D:5      | Reached XP level 7. HP: 74/76 MP: 7/7
  4065 | D:5      | Found a staircase to the Ecumenical Temple.
  4213 | D:5      | Reached skill level 7 in Fighting
  4540 | Temple   | Entered the Ecumenical Temple
  4732 | Temple   | Became a worshipper of Xom of Chaos
  5026 | D:6      | XOM: harmless Chrm miscast
  5137 | D:6      | Reached XP level 8. HP: 68/87 MP: 8/8
  5294 | D:6      | Slain by a giant frog

Skill      XL: |  1  2  3  4  5  6  7 |
---------------+----------------------+-----
Fighting       | 3 4 5 6 7 |  7.6
Throwing       | 5 6 |  6.9
Maces & Flails | 1 3 4 |  4.8
Dodging        | |  1.7
Stealth        | |  0.7

Action                   |  1- 3 |  4- 6 |  7- 9 || total
-------------------------+-------+-------+-------++-------
Melee: Short sword       |   109 |    40 |       ||   149
       Hand axe          |       |    61 |       ||    61
       Giant club        |       |     6 |    32 ||    38
Throw: Large rock        |    12 |     8 |     2 ||    22
       Throwing net      |       |     2 |       ||     2
       Javelin           |       |    22 |    21 ||    43
  Use: Scroll            |     2 |     1 |     7 ||    10
       Potion            |       |     2 |       ||     2
 Stab: Held in net/web   |       |     3 |       ||     3
       Sleeping          |       |     1 |       ||     1
  Eat: Chunk             |     1 |     8 |     3 ||    12
       Fruit             |     1 |       |       ||     1
       Beef jerky        |       |       |     1 ||     1
Armor: Robe              |    34 |    30 |    10 ||    74
Dodge: Dodged            |    81 |    59 |    15 ||   155
